 Dungeon Crawl Stone Soup version 0.21-a0-372-gd0ff781 (webtiles) character file.

485 grizmgrazm2 the Cudgeler (level 6, 0/47 HPs)
             Began as a Demonspawn Gladiator on Oct 16, 2017.
             Was an Initiate of Makhleb.
             Slain by Eustachio
             ... wielding a +0 rapier
              (6 damage)
             ... on level 4 of the Dungeon.
             The game lasted 00:09:44 (4636 turns).

grizmgrazm2 the Cudgeler (Demonspawn Gladiator)     Turns: 4636, Time: 00:09:44

Health: 0/47       AC:  7    Str: 15 (16) XL:     6   Next: 88%
Magic:  6/6        EV: 10    Int:  8 (10) God:    Makhleb [......]
Gold:   216        SH:  7    Dex: 12 (14) Spells: 5/5 levels left

rFire    . . .     SeeInvis .   a - +0 flail
rCold    . . .     Gourm    .   l - +0 shield
rNeg     . . .     Faith    .   b - +0 leather armour
rPois    .         Spirit   .   (helmet restricted)
rElec    .         Reflect  .   h - +0 cloak
rCorr    .         Harm     .   (no gloves)
MR       .....                  (no boots)
Stlth    +.........             (no amulet)
HPRegen  0.15/turn              (no ring)
MPRegen  0.10/turn              (no ring)

@: no status effects
A: antennae 1, slimy green scales 2, demonic guardian 1
a: Renounce Religion


You were on level 4 of the Dungeon.
You worshipped Makhleb.
Makhleb was noncommittal.
You were very hungry.

You visited 1 branch of the dungeon, and saw 4 of its levels.

You collected 216 gold pieces.

Inventory:

Hand Weapons
 a - a +0 flail (weapon)
Missiles
 d - 3 throwing nets (quivered)
Armour
 b - a +0 leather armour (worn)
 c - a +0 helmet
 h - a +0 cloak (worn)
 l - a +0 shield (worn)
Jewellery
 e - a cursed amulet of regeneration {unknown}
Wands
 p - a wand of flame (17/48)
Scrolls
 i - a scroll of random uselessness {unknown}
 m - a scroll of recharging
 o - a scroll of remove curse
 q - a scroll of noise {unknown}
 r - a scroll of enchant weapon {unknown}
Potions
 g - a potion of brilliance
Comestibles
 f - 3 bread rations
 j - a royal jelly
 k - a fruit
 n - 2 meat rations


   Skills:
 + Level 3.5 Fighting
 + Level 4.8 Maces & Flails
 + Level 1.9 Throwing
 + Level 2.4 Armour
 + Level 3.8 Dodging
 + Level 0.6 Stealth
 + Level 1.2 Shields


You had 5 spell levels left.
You didn't know any spells.

Dungeon Overview and Level Annotations

Branches:
Dungeon (4/15)
 Temple: D:4-7

Altars:
Makhleb
Trog
Vehumet
Yredelemnul

Annotations:
D:4 2 transporters, Eustachio


Innate Abilities, Weirdness & Mutations

You have a pair of small antennae on your head.
You are mostly covered in slimy green scales. (AC +3)
A weak demonic guardian rushes to your aid.


Message History

The crimson imp blinks!
The ufetubus barely misses you. You block the ufetubus's attack.
The ufetubus hits you.
* * * LOW HITPOINT WARNING * * *
The ufetubus hits you.
* * * LOW HITPOINT WARNING * * *
Your ufetubus hits the ufetubus.
Your ufetubus completely misses the ufetubus.
The ufetubus closely misses your ufetubus. x2
The ufetubus hits you but does no damage.
You block the ufetubus's attack.
Your ufetubus hits the ufetubus.
Your ufetubus closely misses the ufetubus.
The ufetubus hits your ufetubus. x2
Your ufetubus dies!
Eustachio mumbles some strange words.
Eustachio blinks!
The crimson imp blinks!
You swap places.
The ufetubus hits your white imp.
The ufetubus closely misses your white imp.
Eustachio hits you with a rapier.
You die...

......#....) #.
...#.....#.#### ###.####
#.............# #...##..
#..#.....#.#.## #...##.#
#..#.....#>#.## #...##.#
#..#.#.. #.#.## #...##.#
#..# #.# #.#...
#...##.######..#.#.#.#.####
#..§§.5555@..<.............
#...##....@..........#.....
###.############...#...##.#
#.#{{..... .............
#5#§###### #######..)...
#5#.#8P#5. ..5#≈8#......
#5#.#P.#≈≈ ≈≈≈≈#.P#.#...#
#...#..#.. P≈..#.$#(.....
#..©#©/+.. ♣≈..+?©#©....#


You could see Eustachio, a crimson imp, 2 ufetubi and a friendly white imp.

Vanquished Creatures
  3 hounds
  An orc wizard (D:3)
  2 worker ants
  Robin (D:3)
  3 gnolls
  6 adders
  An adder skeleton (D:4)
  3 worms
  4 dart slugs
  2 leopard geckos
  12 orcs
  A ball python (D:2)
  A giant cockroach (D:3)
  13 goblins
  8 hobgoblins
  3 jackals
  4 kobolds
  A quokka (D:3)
  8 bats
  3 frilled lizards
  A jackal skeleton (D:4)
  6 rats
87 creatures vanquished.

Vanquished Creatures (collateral kills)
  The ghost of p0werm0de the Ruffian, an amateur FoCK of Xom (D:3)
  A howler monkey (D:4)
  A hobgoblin (D:4)
  A rat (D:3)
4 creatures vanquished.

Grand Total: 91 creatures vanquished

Notes
Turn   | Place    | Note
-------+----------+-------------------------------------------
     0 | D:1      | grizmgrazm2 the Demonspawn Gladiator began the quest for the Orb.
     0 | D:1      | Reached XP level 1. HP: 16/16 MP: 1/1
   281 | D:1      | Gained mutation: You are partially covered in slimy green scales. (AC +2) [demonic ancestry]
   281 | D:1      | Reached XP level 2. HP: 22/22 MP: 2/2
   358 | D:1      | Reached skill level 3 in Maces & Flails
  1143 | D:2      | Reached skill level 1 in Armour
  1143 | D:2      | Gained mutation: A weak demonic guardian rushes to your aid. [demonic ancestry]
  1143 | D:2      | Reached XP level 3. HP: 24/27 MP: 3/3
  1230 | D:2      | Found a bloodstained altar of Trog.
  1743 | D:2      | Reached XP level 4. HP: 29/34 MP: 4/4
  2030 | D:3      | Noticed Robin
  2040 | D:3      | Killed Robin
  2358 | D:3      | Gained mutation: You have a pair of small antennae on your head. [demonic ancestry]
  2358 | D:3      | Reached XP level 5. HP: 26/41 MP: 5/5
  2639 | D:3      | Noticed p0werm0de's ghost (amateur FoCK)
  2668 | D:3      | Killed p0werm0de's ghost
  2668 | D:3      | Reached skill level 4 in Maces & Flails
  2668 | D:3      | Gained mutation: You are mostly covered in slimy green scales. (AC +3) [demonic ancestry]
  2668 | D:3      | Reached XP level 6. HP: 11/47 MP: 6/6
  3221 | D:3      | Found a burning altar of Makhleb.
  3243 | D:3      | Became a worshipper of Makhleb the Destroyer
  3338 | D:4      | Reached skill level 1 in Shields
  3371 | D:4      | HP: 2/47 [poisoned by a worker ant]
  4223 | D:4      | Found a transporter.
  4229 | D:4      | Found a radiant altar of Vehumet.
  4396 | D:4      | Found a basalt altar of Yredelemnul.
  4569 | D:4      | Found a transporter.
  4572 | D:4      | Noticed Eustachio
  4636 | D:4      | Slain by Eustachio

Vault maps used:
D:1:      dpeg_arrival_circle_labyrinth_a
D:2:      lightli_temple_of_fire, minmay_fountain_box
D:3:      lemuel_doored_altar, uniq_robin
D:4:      gammafunk_wand_slinger, kennysheep_ying_yang, vehumet_altar_wand_db,
          gammafunk_temple_overflow_wave, first_bread, serial_bayou_lagoon_b,
          uniq_menkaure, uniq_eustachio

Skill      XL: |  1  2  3  4  5  6 |
---------------+-------------------+-----
Maces & Flails | 3 4 |  4.8
Dodging        | 3 |  3.8
Armour         | 1 2 |  2.4
Fighting       | 3 |  3.5
Shields        | 1 |  1.2
Throwing       | |  1.9
Stealth        | |  0.6

Action                   |  1- 3 |  4- 6 || total
-------------------------+-------+-------++-------
Melee: Flail             |   132 |   232 ||   364
  Use: Scroll            |     1 |     3 ||     4
       Potion            |       |     6 ||     6
 Stab: Sleeping          |     1 |     1 ||     2
  Eat: Chunk             |     2 |     5 ||     7
       Bread ration      |       |     1 ||     1
Armor: Leather armour    |    49 |   104 ||   153
Dodge: Dodged            |   107 |    96 ||   203
Block: Shield            |     9 |   101 ||   110

Table legend:
 A = Spawn XP
 B = Non-spawn XP
 C = Spawn XP percentage of total XP
 D = Spawn monster count
 E = Non-spawn monster count
 F = Spawn count percentage of total count
 G = Total turns spent on level
                    A         B        C        D         E        F      G
               +---------+---------+-------+---------+---------+-------+---------
         Total |       0 |     693 |   0.0 |       0 |      91 |   0.0 |  4636
               +---------+---------+-------+---------+---------+-------+---------
           D:1 |       0 |      38 |   0.0 |       0 |      20 |   0.0 |  1137
           D:2 |       0 |      61 |   0.0 |       0 |      17 |   0.0 |   884
           D:3 |       0 |     368 |   0.0 |       0 |      39 |   0.0 |  2085
           D:4 |       0 |     226 |   0.0 |       0 |      15 |   0.0 |   530
               +---------+---------+-------+---------+---------+-------+---------
